Map: Dreamcatcher LE

Players

Kazansky

  • Race: Protoss Protoss
  • League: Gold
  • Spawn Location: 11:00

Test - Winner!

  • Race: Terran Terran
  • Spawn Location: 5:00

VOD

Have the link to the VOD?

Description

Time

  • Played on: May 15, 2018, 3:30 p.m.
  • Length: 7:46
Show
View Real Time Build Order
Export as new Build Order

Kazansky Protoss 

Build Orders:  

Get SALT Encoding   

  12  0:06  Probe  
  13  0:15  Pylon  
  13  0:19  Probe  
  14  0:30  Probe  
  15  0:38  Probe  
  15  0:41  Pylon  
  16  0:48  Probe  
  18  1:09  Gateway x2  
  17  1:18  Gateway  
  17  1:27  Forge  
  17  1:45  Pylon  
  17  1:52  Pylon  
  17  1:53  Pylon  
  17  1:56  Zealot  
  17  1:57  Zealot  
  17  2:04  Zealot  
  23  2:17  Photon Cannon  
  23  2:27  Zealot  
  25  2:30  Zealot  
  25  2:53  Zealot  
  25  2:54  Zealot  
  25  2:57  Zealot  
  27  3:11  Assimilator  
  27  3:24  Zealot  
  27  3:25  Zealot  
  29  3:29  Pylon  
  29  3:32  Photon Cannon  
  27  3:41  Zealot  
  22  4:04  Probe  
  25  4:12  Probe  
  20  4:21  Probe  
  19  4:34  Gateway  
  19  4:36  Pylon  
  19  4:41  Pylon  
  19  4:42  Probe  
  20  4:53  Nexus  
  20  4:59  Probe  
  21  5:07  Probe  
  22  5:14  Gateway  
  22  5:17  Probe  
  22  5:18  Assimilator  
  23  5:29  Probe  
  23  5:31  Cybernetics Core  
  24  5:50  Photon Cannon  
  24  5:52  Photon Cannon  
  24  5:56  Pylon  
  16  6:27  Pylon  
  1  7:15  Probe  
Show
View Real Time Build Order
Export as new Build Order

Test Terran - Winner!

Build Orders:  

Get SALT Encoding   

  12  0:00  SCV  
  13  0:12  SCV  
  14  0:20  Supply Depot  
  14  0:24  SCV  
  15  0:44  Barracks  
  15  0:49  SCV  
  16  0:51  Refinery  
  16  0:54  Refinery  
  16  1:01  SCV  
  17  1:13  SCV  
  18  1:25  SCV  
  19  1:34  Barracks  
  19  1:39  Marine  
  20  1:48  SCV, Supply Depot  
  21  1:56  Marine  
  22  2:10  Factory  
  22  2:14  Marine  
  23  2:21  Marine  
  24  2:32  Marine  
  24  2:35  Bunker  
  25  2:39  Marine  
  26  2:50  Marine  
  27  2:57  Marine  
  28  3:05  Cyclone  
  31  3:14  Marine  
  31  3:50  Marine  
  31  3:57  Marine  
  31  4:08  Supply Depot  
  31  4:17  Command Center, Orbital Command  
  31  4:29  Marine x2  
  33  4:32  Refinery  
  33  4:37  Starport  
  33  4:40  Starport  
  33  4:47  Marine  
  33  4:51  Barracks Tech Lab  
  34  5:04  Marine  
  35  5:10  Marine  
  35  5:13  Cyclone  
  39  5:29  Marine x2, SCV  
  42  5:45  Cyclone  
  42  5:46  Marine x2  
  42  6:04  Marine x2  
  44  6:17  Cyclone  
  47  6:22  Marine x2  
  46  6:28  Medivac  
  46  6:30  Engineering Bay  
  48  6:33  Engineering Bay  
  48  6:37  SCV x2  
  48  6:40  Marine x2  
  50  6:49  SCV, Cyclone  
  53  6:58  Marine  
  54  7:08  Orbital Command  
Tags
 
Add a new tag
Caveats
  • Supply blocks, unpowered buildings, or Contaminate may cause inaccurate times.
  • Supply counts are checked every 10 seconds.